Map: Romanticide LE

Players

DANKCRAFT - Winner!

  • Race: Terran Terran
  • League: Diamond
  • Spawn Location: 5:00

ChrisNomf

  • Race: Zerg Zerg
  • League: Gold
  • Spawn Location: 11:00

VOD

Have the link to the VOD?

Description

Time

  • Played on: Feb. 25, 2021, 8:32 p.m.
  • Length: 19:17
Show
View Real Time Build Order
Export as new Build Order

DANKCRAFT Terran - Winner!

Build Orders: Command Center First (CC) 

Get SALT Encoding   

  12  0:04  SCV  
  13  0:16  SCV  
  14  0:23  Supply Depot  
  14  0:28  SCV  
  15  0:45  SCV  
  16  0:57  Command Center  
  16  1:10  Barracks  
  16  1:12  SCV  
  17  1:24  SCV  
  18  1:30  Refinery  
  18  1:36  SCV  
  19  1:48  SCV  
  20  1:59  Marine  
  21  2:14  Command Center  
  21  2:20  Bunker  
  21  2:21  Marine  
  22  2:28  SCV  
  23  2:35  Orbital Command  
  23  2:39  Marine  
  23  2:40  SCV  
  25  2:45  Refinery  
  25  2:52  SCV  
  25  2:54  Factory  
  25  2:56  Marine  
  27  3:13  SCV, Bunker  
  27  3:14  Marine  
  29  3:25  SCV  
  31  3:28  SCV  
  31  3:36  SCV  
  31  3:37  SCV  
  31  3:40  SCV  
  36  3:41  Hellion  
  36  3:48  Starport, SCV  
  37  3:52  Marine  
  38  4:10  Marine  
  38  4:11  SCV  
  38  4:12  Refinery, SCV x2  
  38  4:13  Refinery  
  42  4:24  SCV x3  
  45  4:36  SCV x3  
  45  4:37  Engineering Bay  
  48  4:39  Liberator  
  51  4:48  SCV x2  
  53  5:05  Supply Depot  
  53  5:10  Supply Depot  
  53  5:23  Supply Depot  
  53  5:25  Command Center  
  53  5:27  SCV x2  
  55  5:30  Starport  
  55  5:37  Supply Depot  
  55  5:39  SCV  
  55  5:40  SCV  
  55  5:42  Planetary Fortress  
  57  5:51  SCV  
  59  5:59  Barracks Tech Lab  
  59  6:00  Planetary Fortress  
  59  6:02  Missile Turret  
  59  6:03  SCV  
  59  6:05  Starport Tech Lab  
  59  6:09  Starport Tech Lab  
  59  6:13  Missile Turret  
  59  6:15  SCV  
  59  6:16  Missile Turret  
  60  6:22  Ghost Academy  
  60  6:24  SCV  
  61  6:28  SCV  
  62  6:37  SCV  
  63  6:40  SCV  
  62  6:48  Banshee  
  62  6:49  SCV  
  62  6:51  Missile Turret  
  62  6:52  SCV  
  62  6:53  Raven  
  69  6:57  Starport  
  69  7:00  SCV  
  69  7:01  SCV  
  71  7:03  Starport  
  71  7:04  Refinery, SCV  
  71  7:07  Refinery  
  72  7:12  SCV  
  72  7:13  SCV  
  74  7:16  SCV  
  74  7:18  Supply Depot x2  
  74  7:21  Orbital Command  
  75  7:24  SCV  
  75  7:25  SCV  
  75  7:28  Missile Turret, SCV  
  78  7:30  Neosteel Armor  
  78  7:36  SCV  
  79  7:37  SCV  
  79  7:40  SCV  
  81  7:48  SCV, Starport Tech Lab x2  
  82  7:54  Raven  
  82  7:56  Raven  
  82  7:58  Starport  
  86  7:59  Starport  
  86  8:01  Supply Depot  
  86  8:03  Supply Depot  
  86  8:04  Supply Depot  
  84  8:17  Raven x2  
  88  8:20  Factory Tech Lab  
  88  8:22  SCV  
  88  8:23  SCV x2  
  91  8:28  Personal Cloaking  
  91  8:31  Ghost Academy  
  91  8:34  SCV  
  92  8:35  SCV  
  92  8:36  SCV x2  
  92  8:37  Raven  
  92  8:38  Raven  
  99  8:42  Supply Depot  
  99  8:45  Supply Depot  
  99  8:46  SCV  
  99  8:47  SCV  
  99  8:48  SCV x2  
  102  8:50  Starport Tech Lab  
  102  8:51  Starport Tech Lab  
  103  8:58  SCV  
  103  9:00  Raven x2, SCV x2  
  110  9:12  SCV  
  108  9:20  Raven  
  108  9:21  Raven  
  112  9:26  Command Center  
  112  9:28  Command Center  
  112  9:30  Command Center  
  112  9:33  Command Center  
  112  9:34  Siege Tank  
  115  9:59  Raven  
  117  10:00  Raven  
  117  10:06  Siege Tank  
  122  10:10  Raven  
  122  10:11  Liberator  
  127  10:42  Planetary Fortress  
  127  10:43  Planetary Fortress x2  
  127  10:47  Command Center  
  127  10:51  Raven  
  129  10:58  Command Center  
  129  10:59  Command Center  
  129  11:08  Missile Turret  
  129  11:13  Missile Turret  
  129  11:20  Command Center  
  129  11:23  Command Center  
  129  11:24  Raven  
  129  11:25  Raven  
  133  11:44  Raven x2  
  137  11:50  SCV  
  137  11:54  Hi-Sec Auto Tracking  
  138  11:57  Planetary Fortress  
  138  12:02  SCV  
  138  12:05  Command Center  
  139  12:11  Command Center  
  139  12:12  Command Center  
  139  12:13  Raven  
  141  12:17  Command Center  
  141  12:29  Raven  
  143  12:36  Planetary Fortress  
  143  13:06  Raven  
  143  13:07  Raven x2  
  149  13:43  Raven  
  151  13:49  Raven x2  
  155  13:59  Command Center  
  155  14:01  Refinery  
  155  14:05  Refinery  
  155  14:08  Fusion Core, Nuke x2  
  155  14:14  Planetary Fortress  
  155  14:15  Command Center  
  155  14:19  Refinery  
  155  14:20  Refinery  
  153  14:48  Siege Tank  
  156  14:57  Planetary Fortress  
  156  14:58  Planetary Fortress  
  156  15:20  Siege Tank  
  159  15:31  Raven x3  
  165  15:41  Planetary Fortress  
  165  15:47  Command Center  
  165  15:54  Raven  
  164  16:37  Missile Turret  
  164  16:39  Missile Turret  
  164  16:44  Ghost  
  166  16:50  Orbital Command x2  
  166  17:13  Ghost  
  168  17:41  Ghost  
  170  17:55  Nuke  
  170  18:10  Ghost  
  170  18:39  Ghost  
Show
View Real Time Build Order
Export as new Build Order

ChrisNomf Zerg 

Build Orders: Hatch First, Roach Hydra 

Get SALT Encoding   

  12  0:00  Drone  
  13  0:13  Overlord  
  13  0:18  Drone  
  14  0:31  Drone x2  
  16  0:36  Drone  
  17  0:56  Hatchery, Drone  
  17  1:11  Spawning Pool  
  17  1:13  Drone  
  17  1:16  Drone  
  18  1:19  Extractor  
  17  1:26  Drone  
  17  1:29  Drone  
  19  1:43  Overlord  
  20  1:54  Drone  
  20  1:58  Queen  
  22  2:04  Zergling x2  
  23  2:11  Queen  
  23  2:12  Drone  
  26  2:19  Metabolic Boost  
  26  2:22  Drone x2  
  28  2:23  Drone  
  29  2:31  Zergling x2  
  30  2:47  Drone x2  
  30  2:48  Drone  
  33  2:58  Pneumatized Carapace  
  33  3:00  Drone x2  
  35  3:13  Drone  
  35  3:14  Overlord x2  
  36  3:32  Extractor  
  36  3:33  Extractor  
  34  3:35  Drone x3  
  34  3:37  Drone  
  34  3:38  Drone x2  
  34  3:39  Drone x2  
  34  3:40  Queen  
  44  4:16  Queen  
  46  4:20  Roach Warren  
  45  4:24  Lair  
  45  4:33  Evolution Chamber  
  45  4:34  Drone x3  
  45  4:35  Evolution Chamber  
  46  4:41  Extractor  
  45  4:50  Drone x6  
  45  4:51  Drone  
  52  4:54  Hatchery  
  51  5:00  Spore Crawler  
  51  5:02  Zerg Missile Weapons Level 1, Zerg Ground Armor Level 1  
  51  5:05  Drone x2  
  51  5:06  Overlord  
  52  5:11  Overlord x2  
  52  5:23  Glial Reconstitution  
  52  5:24  Hydralisk Den  
  51  5:40  Roach x6  
  63  6:04  Drone x2  
  63  6:05  Drone x2  
  63  6:11  Grooved Spines  
  67  6:12  Hydralisk x3  
  73  6:18  Queen  
  73  6:21  Drone  
  76  6:30  Hydralisk x2  
  76  6:31  Hydralisk  
  76  6:32  Overlord x2  
  82  6:49  Overlord x3  
  82  6:53  Drone x2  
  82  6:54  Queen, Drone x6  
  88  6:58  Extractor  
  91  7:04  Extractor  
  90  7:14  Roach x3  
  90  7:15  Roach x3  
  102  7:22  Zerg Ground Armor Level 2, Zerg Missile Weapons Level 2, Muscular Augments  
  102  7:29  Drone x3  
  105  7:31  Drone x2  
  105  7:34  Drone  
  105  7:36  Drone x5  
  113  7:50  Spore Crawler  
  112  8:30  Hydralisk x4  
  112  8:31  Hydralisk  
  112  8:34  Overlord x4  
  122  8:35  Overlord  
  122  8:43  Infestation Pit  
  121  9:02  Hatchery  
  119  9:26  Roach x2  
  119  9:27  Hydralisk x2, Roach x4  
  119  9:28  Hydralisk, Roach  
  139  9:32  Hive  
  139  9:41  Lurker Den  
  138  9:57  Hatchery  
  137  10:11  Drone x3  
  137  10:12  Drone x6  
  137  10:13  Drone x3  
  149  10:21  Tunneling Claws  
  149  10:26  Hydralisk x5  
  139  10:44  Drone x2  
  139  10:45  Drone  
  139  10:46  Drone x3  
  145  10:53  Spore Crawler  
  144  11:03  Hydralisk x3  
  144  11:04  Hydralisk x3  
  146  11:08  Zerg Ground Armor Level 3  
  146  11:10  Adrenal Glands  
  156  11:14  Adaptive Talons  
  156  11:21  Extractor  
  156  11:22  Drone, Extractor  
  156  11:23  Drone x2  
  156  11:24  Drone x3  
  160  11:27  Spore Crawler  
  159  11:35  Queen  
  161  11:48  Overlord x3  
  161  11:49  Overlord  
  161  12:11  Seismic Spines  
  161  12:25  Overlord  
  161  12:26  Hydralisk, Overlord  
  161  12:27  Hydralisk x8  
  161  12:28  Hydralisk  
  161  12:29  Roach x5  
  164  13:20  Hydralisk x8  
  164  13:21  Hydralisk x5  
  172  13:37  Spire  
  172  13:38  Spire  
  170  13:47  Zerg Missile Weapons Level 3  
  170  13:58  Drone  
  170  13:59  Drone x10  
  170  14:00  Drone  
  182  14:15  Hatchery  
  151  15:56  Corruptor x5  
  151  15:57  Corruptor x7  
  175  16:05  Zerg Flyer Armor Level 1, Zerg Flyer Weapons Level 1  
  130  16:31  Overlord x3  
  130  16:32  Corruptor x4, Overlord  
  95  16:33  Corruptor x3  
  99  16:55  Extractor  
  99  16:57  Extractor  
  99  16:58  Drone x4  
  99  16:59  Drone x5  
  106  17:04  Queen  
  106  17:06  Drone x3  
  111  17:24  Extractor  
  110  17:40  Queen  
  112  17:58  Drone x3  
  114  17:59  Drone x8  
  114  18:00  Drone  
  96  18:12  Overseer  
Tags
 
Add a new tag
Caveats
  • Supply blocks, unpowered buildings, or Contaminate may cause inaccurate times.
  • Supply counts are checked every 10 seconds.